 Dungeon Crawl Stone Soup version 0.17-a0-2064-g265a032 (webtiles) character file.

308 CuntPokingMan the Chiller (level 6, -4/45 HPs)
             Began as a Draconian Ice Elementalist on Oct 13, 2015.
             Slain by a worker ant (5 damage)
             ... on level 4 of the Dungeon.
             The game lasted 00:10:54 (3877 turns).

CuntPokingMan the Chiller (DrIE)                    Turns: 3877, Time: 00:10:54

Health: -4/45      AC:  2    Str: 10      XL:     6   Next: 16%
Magic:  3/9        EV: 12    Int: 17      God:
Gold:   147        SH:  0    Dex:  8 (12) Spells: 3 memorised, 1 level left

rFire  . . .     SeeInvis +     l - +0 short sword (speed)
rCold  . . .     Clarity  .     (armour unavailable)
rNeg   . . .     SustAt   .     (no shield)
rPois  .         Gourm    .     (helmet restricted)
rElec  .         Spirit   .     (no cloak)
rCorr  .         Warding  .     (no gloves)
rMut   .         Stasis   .     (no boots)
MR     .....                    (no amulet)
Stlth  ++........               k - ring of see invisible
                                u - ring of stealth

@: corroded equipment, not resistant to hostile enchantments, unstealthy
A: unfitting armour, cold-blooded, AC +6
a: no special abilities


You were on level 4 of the Dungeon.
You were near starving.

You visited 1 branch of the dungeon, and saw 4 of its levels.

You collected 147 gold pieces.

Inventory:

Hand Weapons
 c - a +0 short sword
 l - a +0 short sword of speed (weapon)
Jewellery
 f - an uncursed ring of protection from magic
 k - a ring of see invisible (right hand)
 u - a ring of stealth (left hand)
Scrolls
 d - a scroll of enchant armour
 h - 2 scrolls of identify
 n - a scroll of amnesia
 p - a scroll of recharging
 q - a scroll of teleportation
 r - 2 scrolls of blinking {unknown}
Potions
 g - 2 potions of flight
 i - 2 potions of poison {unknown}
 j - a potion of resistance {unknown}
Books
 a - a book of Frost

   Spells                             Type                      Level
   a - Freeze                         Ice                          1
   b - Throw Frost                    Conjuration/Ice              2
   c - Ozocubu's Armour               Charms/Ice                   3
   d - Throw Icicle                   Conjuration/Ice              4
   e - Summon Ice Beast               Ice/Summoning                4
   f - Condensation Shield            Ice                          4
Comestibles
 b - 3 bread rations
 o - a meat ration


   Skills:
 - Level 1.7 Dodging
 - Level 1.7 Stealth
 - Level 2.0 Spellcasting
 - Level 1.0 Conjurations
 + Level 7.0 Ice Magic


You had one spell level left.
You knew the following spells:

 Your Spells              Type           Power        Failure   Level  Hunger
a - Freeze                Ice            ####         1%          1    #......
b - Throw Icicle          Conj/Ice       ###.....     38%         4    #####..
c - Ozocubu's Armour      Chrm/Ice       ##......     14%         3    ###....


Dungeon Overview and Level Annotations

Branches:
Dungeon (4/15)             Temple (0/1) D:4

Altars:
Qazlal


Innate Abilities, Weirdness & Mutations

Your plain brown scales are hard (AC +6).
Your body does not fit into most forms of armour.
You are cold-blooded and may be slowed by cold attacks.


Message History

You freeze the adder.
The adder seems to slow down.
The adder is heavily wounded.
The adder bites you but does no damage.
You feel sick.
You open the door. The jelly hits you.
* * * LOW HITPOINT WARNING * * *
You are splashed with acid!
The acid corrodes you!
The acid burns!
* * * LOW HITPOINT WARNING * * *
All of the chunks of flesh in your inventory have rotted away.
There is an open door here.
You feel sick. The worker ant misses you. The jelly misses you.
The worker ant bites you.
* * * LOW HITPOINT WARNING * * *
The adder is no longer moving slowly.
The worker ant misses you.
* * * LOW HITPOINT WARNING * * *
You feel sick.
You are no longer poisoned.
The worker ant bites you.
You die...

#.....##### ≈≈a #.>...#...#.≈≈.
#.....#.....≈≈ #.....a..>#
#.....#.### ≈≈..#
###.###.####≈≈..#
#..........+≈≈..##+#
####...##....#≈≈..h...
#.###@###.##'#≈≈≈..g..
#..Sa..##.##.#.≈≈≈≈≈≈≈
#...J..##.##.#..≈≈≈≈≈≈ 8.8.
#'##.........(......≈≈
+..⌠.⌠....##.####.##.##.#(J.#...
#.8.>.8...##.##...#.....(...#
...⌠.⌠.....+.............#J##
+.8.8.8...##.####.#......#.#
.......#.#...........#.##.##..


You could see a jelly, a worker ant and an adder.

Vanquished Creatures
  A jelly (D:4)
  A crimson imp (D:4)
  An orc wizard (D:3)
  A worker ant (D:4)
  Jessica (D:2)
  A hound skeleton (D:4)
  6 adders
  2 worms
  4 giant geckos
  6 orcs
  A ball python (D:2)
  8 bats
  A giant cockroach (D:3)
  7 hobgoblins
  4 jackals (D:2)
  5 giant newts
  12 goblins
  7 kobolds
  8 rats
77 creatures vanquished.

Notes
Turn   | Place    | Note
--------------------------------------------------------------
     0 | D:1      | CuntPokingMan the Draconian Ice Elementalist began the quest for the Orb.
     0 | D:1      | Reached XP level 1. HP: 14/14 MP: 3/3
   352 | D:1      | Reached XP level 2. HP: 11/20 MP: 1/5
   876 | D:2      | Reached skill level 4 in Ice Magic
   894 | D:2      | Reached XP level 3. HP: 26/26 MP: 1/6
  1530 | D:2      | Noticed Jessica
  1536 | D:2      | Killed Jessica
  1536 | D:2      | Reached skill level 5 in Ice Magic
  1536 | D:2      | Reached XP level 4. HP: 31/33 MP: 4/7
  1885 | D:3      | Found a stormy altar of Qazlal.
  2384 | D:3      | Reached XP level 5. HP: 18/38 MP: 2/8
  2641 | D:3      | Reached skill level 6 in Ice Magic
  3537 | D:4      | Noticed an ogre
  3555 | D:4      | Learned a level 4 spell: Throw Icicle
  3732 | D:4      | Learned a level 3 spell: Ozocubu's Armour
  3778 | D:4      | Reached XP level 6. HP: 15/45 MP: 0/9
  3787 | D:4      | Found a staircase to the Ecumenical Temple.
  3844 | D:4      | Reached skill level 7 in Ice Magic
  3875 | D:4      | HP: 2/45 [worker ant (2)]
  3877 | D:4      | Slain by a worker ant

Vault maps used:
D:1:      dpeg_arrival_simpleton_a, hangedman_glass_teeth,
          kennysheep_flooded_box, minmay_box_of_dots
D:2:      kennysheep_generic_room_15, uniq_jessica
D:3:      grunt_ministairs_11, grunt_qazlal_sundering
D:4:      kennysheep_goblin_castle, minmay_temple_entry_statues_fountains,
          serial_shops, shop_fountains, uniq_eustachio, uniq_pikel

Action                   |  1- 3 |  4- 6 || total
-------------------------+-------+-------++-------
Melee: Short sword       |    94 |    94 ||   188
 Cast: Freeze            |    26 |    46 ||    72
       Ozocubu's Armour  |       |     1 ||     1
  Use: Scroll            |     4 |     4 ||     8
       Potion            |     1 |     3 ||     4
 Stab: Sleeping          |       |     4 ||     4
  Eat: Chunk             |     2 |     7 ||     9
